 Dungeon Crawl Stone Soup version 0.19-a0-1932-g59670f6 (webtiles) character file.

25 PurpleRed the Conjurer (level 3, 0/19 HPs)
             Began as a Kobold Conjurer on Oct 25, 2016.
             Slain by a frilled lizard (3 damage)
             ... on level 2 of the Dungeon.
             The game lasted 00:02:56 (391 turns).

PurpleRed the Conjurer (Kobold Conjurer)             Turns: 391, Time: 00:02:56

Health: 0/19       AC:  2    Str:  5    XL:     3   Next: 20%
Magic:  1/7        EV: 15    Int: 17    God:
Gold:   15         SH:  0    Dex: 15    Spells: 2 memorised, 5 levels left

rFire  . . .     SeeInvis .     g - +0 flail
rCold  . . .     Gourm    .     a - +0 robe
rNeg   . . .     Faith    .     (shield restricted)
rPois  .         Spirit   .     (no helmet)
rElec  .         Reflect  .     (no cloak)
rCorr  .         Harm     .     (no gloves)
MR     .....                    (no boots)
Stlth  ++........               (no amulet)
                                (no ring)
                                (no ring)

@: no status effects
A: carnivore 3
a: no special abilities


You were on level 2 of the Dungeon.
You were very full.

You visited 1 branch of the dungeon, and saw 3 of its levels.

You collected 15 gold pieces.

Inventory:

Hand Weapons
 e - a +0 mace
 f - a +0 short sword
 g - a +0 flail (weapon)
Armour
 a - a +0 robe (worn)
Scrolls
 d - 3 scrolls of identify {unknown}
Books
 b - a book of Conjurations

   Spells                             Type                      Level
   a - Magic Dart                     Conjuration                  1
   b - Searing Ray                    Conjuration                  2
   c - Dazzling Spray                 Conjuration/Hexes            3
   d - Fulminant Prism                Conjuration/Hexes            4
   e - Iskenderun's Mystic Blast      Conjuration                  4
   f - Iskenderun's Battlesphere      Conjuration/Charms           5
Comestibles
 c - a meat ration
 h - a chunk of flesh


   Skills:
 - Level 2.4 Dodging
 - Level 2.6 Stealth
 + Level 3.0 Spellcasting
 + Level 4.4 Conjurations


You had 5 spell levels left.
You knew the following spells:

 Your Spells              Type           Power        Failure   Level  Hunger
a - Magic Dart            Conj           ###.         2%          1    None
b - Searing Ray           Conj           ###...       4%          2    ##.....


Dungeon Overview and Level Annotations

Branches:
Dungeon (3/15)

Altars:

Annotations:
D:3 Kramin's ghost, amateur HOEn


Innate Abilities, Weirdness & Mutations

You are small and have problems with some larger weapons.
You are carnivorous and can eat meat at any time.


Message History

You kill the adder!
Your Spellcasting skill increases to level 3!
You have reached level 3!
Your experience leads to an increase in your attributes!
Increase (S)trength, (I)ntelligence, or (D)exterity?
You feel clever.
A frilled lizard comes into view.
You see here an adder corpse.
You butcher the adder corpse.
You see here a chunk of flesh.
h - a chunk of flesh The frilled lizard hisses angrily.
Eat a chunk of flesh? (ye/n/q)
Okay, then.
You miss the frilled lizard. The frilled lizard closely misses you.
You miss the frilled lizard. The frilled lizard barely misses you.
The frilled lizard bites you.
* * * LOW HITPOINT WARNING * * *
You barely miss the frilled lizard. The frilled lizard bites you.
You die...

#.# #># .## #.# #.# ..##
##.## #w#
###...#######...## #.#
.......##.......# #.#
##...#.##......######.# #
#....#.##......†......#
....#...........#########
#....<.l@##.....#
.......########.# #######
#.# #.# #.# #.# #.# #.#


You could see a frilled lizard.

Vanquished Creatures
  An adder (D:2)
  An adder skeleton (D:2)
  A bat skeleton (D:2)
  A giant cockroach (D:1)
  2 goblins (D:2)
  A hobgoblin (D:2)
  A jackal (D:2)
  A quokka (D:2)
  A ball python (D:1)
  A leopard gecko skeleton (D:2)
  3 rats
14 creatures vanquished.

Notes
Turn   | Place    | Note
-------+----------+-------------------------------------------
     0 | D:1      | PurpleRed the Kobold Conjurer began the quest for the Orb.
     0 | D:1      | Reached XP level 1. HP: 10/10 MP: 3/3
    98 | D:2      | Reached XP level 2. HP: 15/15 MP: 0/5
   171 | D:3      | Learned a level 2 spell: Searing Ray
   233 | D:3      | Noticed Kramin's ghost (amateur HOEn)
   381 | D:2      | Reached XP level 3. HP: 5/19 MP: 0/7
   391 | D:2      | Slain by a frilled lizard

Vault maps used:
D:1:      minmay_arrival_split_and_join
D:2:      serial_undead, serial_undead_c, serial_undead_a, serial_undead_e,
          serial_undead_e, serial_undead_f, serial_undead_e, serial_undead_a,
          serial_undead_d, serial_undead_a, serial_undead_a, minmay_pentomino_s2

Skill      XL: |  1  2 |
---------------+-------+-----
Spellcasting   | 3 |  3.0
Dodging        | |  2.4
Stealth        | |  2.6
Conjurations   | |  4.4

Action                   || total
-------------------------++-------
Melee: Mace              ||    24
       Unarmed           ||     2
       Flail             ||     3
 Cast: Magic Dart        ||    14
       Searing Ray       ||     2
 Stab: Distracted        ||     1
  Eat: Chunk             ||     5
Armor: Robe              ||     9
Dodge: Dodged            ||    37
